 Dungeon Crawl Stone Soup version 0.31-a0-303-gdc8c9485ea (webtiles) character file.

Game seed: 8980222877286865956

52 quinnr the Conjurer (level 3, -1/19 HPs)
             Began as a Tengu Conjurer on July 12, 2023.
             Slain by a cerulean imp
             ... wielding a +2 spear
             ... summoned by Natasha
              (7 damage)
             ... on level 3 of the Dungeon on July 16, 2023.
             The game lasted 00:02:07 (1258 turns).

quinnr the Conjurer (Tengu Conjurer)                Turns: 1258, Time: 00:02:07

Health: -1/19      AC:  2    Str:  7    XL:     3   Next: 85%
Magic:  1/7        EV: 12    Int: 20    God:
Gold:   39         SH:  0    Dex: 12    Spells: 5/6 levels left

rFire   . . .        (no weapon)
rCold   . . .        (no shield)
rNeg    . . .        a - +0 robe
rPois   .            (helmet restricted)
rElec   .            (no cloak)
rCorr   .            (no gloves)
SInv    .            (boots unavailable)
Will    .....        (no amulet)
Stlth   ++           (no ring)
HPRegen 0.23/turn    (no ring)
MPRegen 0.10/turn

%: no passive effects
@: mighty, slowed, very slow
A: beak, talons 3
a: no special abilities


You were on level 3 of the Dungeon.
You visited 1 branch of the dungeon, and saw 3 of its levels.

You collected 39 gold pieces.


Innate Abilities, Weirdness & Mutations

You have a beak for a mouth.
You have claws for feet.


   Skills:
 - Level 2.1 Dodging
 - Level 2.0 Stealth
 - Level 2.0 Spellcasting
 + Level 7.1 Conjurations


You had 5 spell levels left.
You knew the following spells:

 Your Spells              Type           Power      Damage    Failure   Level
m - Magic Dart            Conj           100%       1d8       1%          1

Your spell library contained the following spells:

 Spells                   Type           Power      Damage    Failure   Level
 Searing Ray              Conj           60%        2d6       1%          2
 Dazzling Flash           Conj/Hex       32%        N/A       11%         3
 Necrotise                Necr           8%         1d4       16%         1
 Fulminant Prism          Conj/Hex       8%         3d7       36%         4
 Iskenderun's Mystic Bla  Conj/Tloc      16%        2d5       36%         4
 Inner Flame              Hex/Fire       2%         N/A       43%         3
 Vampiric Draining        Necr           2%         2d6       43%         3
 Agony                    Necr           2%         N/A       99%         5
 Yara's Violent Unravell  Hex/Tmut       1%         3d3       99%         5
 Enfeeble                 Hex            1%         N/A       100%        7

Inventory:

Armour
 a - a +0 robe (worn)
Jewellery
 j - an amulet of faith {!P}
Scrolls
 c - a scroll of noise {unknown}
 e - 2 scrolls of fog {unknown}
 f - 3 scrolls of enchant armour {unknown}
 g - a scroll of enchant weapon {unknown}
 h - a scroll of identify {unknown}
 i - a scroll of poison {unknown}
 k - 4 scrolls of teleportation {unknown}
Potions
 b - 2 potions of magic
 d - 2 potions of curing {@q1}
 l - a potion of heal wounds {unknown}
 m - a potion of might
 n - 2 potions of brilliance {unknown}
 o - a potion of degeneration {unknown}

Dungeon Overview and Level Annotations

Branches:
Dungeon (3/15)

Altars:
Trog

Annotations:
D:3 Natasha

## . #.
..##.#
....#
....##
#...#####
#.5....#
#h# #@#
#5# #.#
#.. ###


You could see Natasha and 2 cerulean imps.


Message History

Unknown command.
You hit Natasha.
Natasha is lightly wounded.
Natasha claws you. Natasha attacks as you move away! Natasha claws you.
Natasha stares at you and mumbles some strange words.
You resist with significant effort.
The magic dart hits Natasha.
Natasha is heavily wounded.
Natasha mumbles some strange words.
You hit Natasha but do no damage. You peck Natasha, but do no damage.
Natasha is heavily wounded.
Natasha stares at you and mumbles some strange words.
You feel as though you will be slow longer.
The cerulean imp hits you with a +2 spear.
Natasha barely misses you.
Unknown command.
It was a potion of curing.
You feel better.
The cerulean imp hits you with a +2 spear.
Natasha mumbles some strange words.
The cerulean imp completely misses you.
It was a potion of might.
You feel very mighty all of a sudden.
Natasha wildly gestures.
You feel troubled. Natasha claws you!
The cerulean imp hits you with a +2 spear.
* * * LOW HITPOINT WARNING * * *
The cerulean imp hits you from afar with a +2 spear!
You die...

Skill      XL: |  1  2  3 |
---------------+----------+-----
Conjurations   | 6 7 |  7.1
Dodging        | |  2.1
Stealth        | |  2.0
Spellcasting   | |  2.0

Action                     || total
---------------------------++-------
  Melee: Unarmed           ||     3
         Peck              ||     2
   Cast: Magic Dart        ||    60
    Use: Potion            ||     2
 Armour: Robe              ||     1
  Dodge: Dodged            ||     9

Levels and vault maps discovered:
D:1:      minmay_arrival_arboretum_small, layout_loops_ring, minmay_octomino_c4
D:2:      layout_rooms, basic_altar, uniq_natasha
D:3:      layout_rooms, minmay_increasing_density, uniq_jessica

Notes
Turn   | Place    | Note
-------+----------+-------------------------------------------
     0 | D:1      | quinnr the Tengu Conjurer began the quest for the Orb.
     0 | D:1      | Reached XP level 1. HP: 10/10 MP: 4/4
   201 | D:1      | Reached XP level 2. HP: 15/15 MP: 1/6
   368 | D:1      | Reached skill level 6 in Conjurations
   664 | D:1      | Reached XP level 3. HP: 19/19 MP: 5/7
   835 | D:1      | Upgraded the game from 0.31-a0-237-g2d982f9f85 to
                  | 0.31-a0-303-gdc8c9485ea
  1242 | D:2      | Noticed Natasha
  1246 | D:2      | Reached skill level 7 in Conjurations
  1249 | D:2      | Found a bloodstained altar of Trog.
  1258 | D:3      | Slain by a cerulean imp

Vanquished Creatures
  2 adders (D:2)
  4 endoplasms (D:1)
  A giant cockroach (D:1)
  3 hobgoblins (D:1)
  3 quokkas (D:1)
  3 ball pythons (D:1)
  3 bats
  2 frilled lizards (D:1)
  5 goblins
  3 kobolds
  A rat (D:1)
30 creatures vanquished.

Table legend: (Time is in decaauts)
 A = Elapsed time spent in this place.
 B = Non-inter-level travel time spent in this place.
 C = Inter-level travel time spent in this place.
 D = Time resting spent in this place.
 E = Time spent auto-exploring this place.
 F = Levels seen in this place.
 G = Mean time per level.
                   A        B        C        D        E       F      G
               +--------+--------+--------+--------+--------+-----+--------+
         Total |   1263 |   1236 |     27 |      0 |   1083 |   3 |  421.0 |
       Dungeon |   1263 |   1236 |     27 |      0 |   1083 |   3 |  421.0 |
               +--------+--------+--------+--------+--------+-----+--------+

Top non-repeatable levels by time:
     D:1: 1128 daAuts
     D:2: 126 daAuts
     D:3: 8 daAuts

Table legend:
 A = Non-vault XP
 B = Vault XP
 C = Vault XP percentage of total XP
 D = Non-vault monster count
 E = Vault monster count
 F = Vault count percentage of total count
                 A         B        C        D         E       F
            +---------+---------+-------+---------+---------+-------
      Total |      70 |       5 |   6.7 |      27 |       3 |  10.0
            +---------+---------+-------+---------+---------+-------
        D:1 |      36 |       5 |  12.2 |      22 |       3 |  12.0
        D:2 |      34 |       0 |   0.0 |       5 |       0 |   0.0
            +---------+---------+-------+---------+---------+-------

Levels and vault maps discovered:
D:1:      minmay_arrival_arboretum_small, layout_loops_ring, minmay_octomino_c4
D:2:      layout_rooms, basic_altar, uniq_natasha
D:3:      layout_rooms, minmay_increasing_density, uniq_jessica
